 Dungeon Crawl Stone Soup version 0.30.0-5-g1a98f26d00 (webtiles) character file.

Game seed: 12472162397773576916

46 MacCMillion the Slasher (level 3, -4/27 HPs)
             Began as a Merfolk Gladiator on May 12, 2023.
             Slain by a gnoll
             ... wielding a +2 whip of electrocution
              (18 damage)
             ... on level 2 of the Dungeon.
             The game lasted 00:02:05 (1090 turns).

MacCMillion the Slasher (Merfolk Gladiator)         Turns: 1090, Time: 00:02:05

Health: -4/27      AC:  4    Str: 14    XL:     3   Next: 68%
Magic:  3/3        EV: 13    Int:  7    God:
Gold:   22         SH:  0    Dex: 17    Spells: 2/2 levels left

rFire   . . .        a - +0 long sword
rCold   . . .        (no shield)
rNeg    . . .        b - +0 leather armour
rPois   .            c - +0 helmet
rElec   .            (no cloak)
rCorr   .            (no gloves)
SInv    .            (no boots)
Will    .....        (no amulet)
Stlth   +            (no ring)
HPRegen 0.24/turn    (no ring)
MPRegen 0.08/turn

%: no passive effects
@: no status effects
A: (nimble swimmer 2), mertail
a: no special abilities


You were on level 2 of the Dungeon.
You visited 1 branch of the dungeon, and saw 2 of its levels.

You collected 22 gold pieces.

Inventory:

Hand Weapons
 a - a +0 long sword (weapon)
Missiles
 d - 3 throwing nets (quivered)
 e - a javelin
 f - 5 poisoned darts
Armour
 b - a +0 leather armour (worn)
 c - a +0 helmet (worn)


   Skills:
 - Level 2.1 Fighting
 + Level 5.5 Long Blades
 - Level 2.0 Throwing
 - Level 4.0 Dodging


You had 2 spell levels left.
You didn't know any spells.
Your spell library was empty.

Dungeon Overview and Level Annotations

Branches:
Dungeon (2/15)

Altars:


Innate Abilities, Weirdness & Mutations

((You are very nimble when in or above water. (Stealth+, EV+, Speed+++)))
Your lower body shifts to a powerful aquatic tail in water.


Message History

You feel sick.
You are no longer poisoned.
The adder closely misses you.
You hit the adder.
You kill the adder!
You see here an adder corpse.
Found 3 stones.
You see here 3 stones. 2 gnolls come into view.
A gnoll is wielding a +2 whip of electrocution.
The gnoll shouts! x2
The gnoll moves out of view.
A gnoll is nearby!
A gnoll is nearby!
A gnoll comes into view. It is wielding a +0 spear.
Found 2 stones.
The gnoll shouts!
You see here 3 stones.
You see here an adder corpse.
There is an open door here.
There is an open door here.
You start waiting.
A gnoll is nearby!
The gnoll barely misses you.
You slash the gnoll!
The gnoll is severely wounded.
The gnoll hits you with a +0 spear!
You slash the gnoll!
You kill the gnoll!
The gnoll hits you with a +0 spear.
There is an open door, spattered with blood here.
Things that are here:
a +0 spear; a gnoll corpse You hit the gnoll.
The gnoll is moderately wounded.
The gnoll closely misses you.
The gnoll hits you with a +2 whip of electrocution.
You are electrocuted!!
Ouch! That really hurt!
You die...

#.g.g.....######
#.######g....... #.#
###..###### #####.#
#........#
#...g.####'######.##
#g#####............#
#.# #.....#####..#
#.# #...gg...>...
#g# #####@#####..
#.# #..........#
#g#####..........#
#.....#..........#
#####g##.#...#####
#.##†#.#.....#
#.#..#.#.#####
#g#..#.#.#
#.#<.#.#.#


You could see 2 gnolls.

Vanquished Creatures
  A gnoll (D:2)
  An adder (D:2)
  A dart slug (D:1)
  A ball python (D:1)
  3 endoplasms (D:1)
  A goblin (D:1)
  3 hobgoblins (D:1)
  5 jackals (D:1)
  A kobold (D:1)
  2 quokkas
  A bat (D:1)
  2 frilled lizards (D:1)
  A rat (D:1)
23 creatures vanquished.

Notes
Turn   | Place    | Note
-------+----------+-------------------------------------------
     0 | D:1      | MacCMillion the Merfolk Gladiator began the quest for the
                  | Orb.
     0 | D:1      | Reached XP level 1. HP: 16/16 MP: 1/1
     1 | D:1      | Noticed an electric eel
    23 | D:1      | Reached skill level 4 in Long Blades
    72 | D:1      | Reached XP level 2. HP: 22/22 MP: 2/2
   638 | D:1      | Reached XP level 3. HP: 16/27 MP: 3/3
   642 | D:1      | Reached skill level 5 in Long Blades
  1090 | D:2      | Slain by a gnoll

Illustrated notes

Levels and vault maps discovered:
D:1:      arrival_aquarium_a, layout_basic
D:2:      layout_basic, shapermc_ecumenical_altar_ellora, basic_altar,
          grunt_ministairs_7, uniq_crazy_yiuf_cottage

Skill      XL: |  1  2  3 |
---------------+----------+-----
Long Blades    | 4 5 |  5.5
Fighting       | |  2.1
Throwing       | |  2.0
Dodging        | |  4.0

Action                     || total
---------------------------++-------
  Melee: Long sword        ||    85
   Stab: Distracted        ||     1
         Sleeping          ||     1
 Armour: Leather armour    ||    29
  Dodge: Dodged            ||    78
